AoeStats
← Vanguard

Arabia

510788748Analyzed
1v1 RM · 22h ago on Oct 2, 2026· 39m 29s· 2 players
Game mode
Random Map
Map size
Tiny (2 player)
Population
200
Speed
Normal
Resources
Standard
Victory
Conquest
Starting age
Dark Age
Ending age
Imperial Age
RankedLock teamsTeams togetherTeam positionsShared explorationLock speedFull tech treeHidden civsTurbo modeCheats
Victory
Defeat
🇦🇷 Maya · Argentina
903
+17
🇺🇸 Teutons · United States
927
-26
diegolalms
0:26 Loom
10:13 Feudal Age
11:31 Double-Bit Axe
12:56 Horse Collar
16:54 Fletching
19:55 Wheelbarrow
23:11 Castle Age
21:42 Padded Archer Armor
22:30 Scale Mail Armor
23:27 Crossbowman
24:04 Bodkin Arrow
24:22 Bow Saw
23:46 Pikeman
29:51 Hand Cart
30:08 Leather Archer Armor
35:19 Imperial Age
34:34 Leather Archer Armor
34:59 Thumb Ring
37:54 Chemistry
36:58 Arbalester
37:59 Bracer
38:32 Ballistics
38:27 Forging
Vanguard
11:24 Feudal Age
9:40 Loom
11:51 Double-Bit Axe
13:05 Horse Collar
17:17 Bloodlines
19:16 Castle Age
17:57 Scale Barding Armor
22:49 Wheelbarrow
24:04 Chain Barding Armor
24:04 Heavy Plow
28:25 Fletching
29:41 Elite Skirmisher
30:29 Padded Archer Armor
31:37 Leather Archer Armor
33:26 Bow Saw
33:54 Bodkin Arrow
35:24 Hand Cart
37:11 Ironclad
37:15 Forging
38:08 Town Watch
Connection lost

Rejoining the realm…

Still unreachable

The connection could not be restored.

Session expired

The server has moved on; the page needs a fresh start.